Map: Ever Dream LE

Players

BlyOnFire (Bly) - Winner!

  • Race: Zerg Zerg
  • Spawn Location: 1:00

KingCobra

  • Race: Protoss Protoss
  • Spawn Location: 7:00

Event: DreamHack SC2 Masters 2020 Fall

VOD

Have the link to the VOD?

Description

Time

  • Played on: Sept. 4, 2020, 1:24 p.m.
  • Length: 15:06

All games in this series

Show
View Real Time Build Order
Export as new Build Order

BlyOnFire Zerg - Winner!

Build Orders: Hatch First 

Get SALT Encoding   

  12  0:00  Drone  
  13  0:11  Overlord  
  13  0:17  Drone  
  14  0:30  Drone x2  
  16  0:47  Hatchery  
  15  0:50  Drone  
  15  0:54  Drone  
  17  0:57  Drone  
  18  1:09  Extractor  
  17  1:13  Spawning Pool  
  17  1:15  Drone  
  17  1:18  Drone  
  18  1:27  Drone  
  19  1:40  Drone  
  20  1:49  Drone  
  20  1:51  Hatchery  
  20  2:00  Queen  
  22  2:03  Zergling x2  
  23  2:09  Queen  
  23  2:12  Drone  
  26  2:16  Drone  
  26  2:22  Overlord  
  27  2:25  Drone  
  28  2:30  Metabolic Boost  
  28  2:40  Drone x3  
  28  2:43  Drone x2  
  33  2:58  Drone x2  
  35  3:02  Queen  
  35  3:05  Overlord  
  37  3:09  Queen  
  39  3:15  Overlord  
  39  3:21  Drone x3  
  39  3:25  Overlord  
  42  3:29  Overlord  
  42  3:32  Zergling x2  
  42  3:33  Zergling x10  
  47  3:41  Drone x3  
  47  3:42  Drone x2  
  47  3:46  Drone  
  53  3:51  Drone x3  
  56  3:56  Unknown  
  56  3:59  Spore Crawler  
  56  4:00  Spore Crawler x2  
  52  4:04  Overlord  
  52  4:06  Drone x3  
  52  4:09  Overlord  
  55  4:10  Drone  
  55  4:16  Drone x3  
  59  4:27  Overlord  
  59  4:29  Overlord  
  59  4:38  Zergling x6  
  59  4:39  Overlord  
  59  4:42  Drone x4  
  62  4:46  Lair  
  62  4:50  Drone x4, Roach Warren  
  63  5:00  Drone  
  63  5:01  Drone x5  
  67  5:08  Extractor  
  67  5:09  Extractor  
  67  5:10  Extractor  
  64  5:15  Drone x7  
  64  5:19  Hatchery  
  64  5:20  Zergling x4  
  64  5:21  Zergling x4  
  73  5:28  Overlord  
  72  5:41  Drone x3  
  75  5:44  Glial Reconstitution  
  75  5:50  Infestation Pit  
  75  5:53  Drone x7  
  75  5:55  Spire  
  75  5:56  Overlord  
  80  6:16  Hatchery  
  78  6:23  Zergling x20  
  78  6:25  Overlord  
  84  6:29  Drone x4, Extractor  
  84  6:31  Extractor  
  86  6:36  Spore Crawler  
  85  6:40  Overlord x2  
  85  7:01  Spire  
  85  7:05  Spore Crawler  
  85  7:08  Queen x2  
  77  7:11  Drone x6, Spore Crawler  
  77  7:12  Spore Crawler x2  
  83  7:22  Drone x2  
  85  7:23  Drone x3  
  85  7:24  Drone x3  
  91  7:33  Spore Crawler  
  91  7:35  Spore Crawler  
  89  7:43  Spore Crawler  
  86  7:54  Roach x17  
  86  7:55  Overlord x3  
  120  8:14  Zerg Flyer Armor Level 1  
  120  8:16  Hive  
  120  8:17  Hatchery  
  119  8:23  Corruptor x9  
  137  8:29  Corruptor x2  
  140  8:36  Corruptor x2  
  144  8:50  Corruptor  
  144  8:51  Corruptor x3  
  144  9:01  Corruptor x3  
  146  9:13  Corruptor x4  
  154  9:24  Overseer x2  
  154  9:27  Overseer  
  154  9:28  Viper  
  154  9:29  Viper x2  
  154  9:30  Overlord  
  154  9:31  Drone  
  164  9:32  Overlord  
  164  9:37  Overlord  
  164  9:44  Overlord x3  
  156  10:06  Roach x12  
  156  10:07  Overlord  
  180  10:14  Zerg Flyer Armor Level 2, Corruptor x3  
  180  10:15  Corruptor  
  180  10:17  Overlord  
  178  10:38  Baneling Nest  
  178  10:41  Evolution Chamber  
  176  10:52  Ravager x7  
  176  10:53  Zergling x32  
  176  10:54  Overlord  
  176  10:56  Overlord  
  199  11:03  Overlord  
  193  11:33  Pneumatized Carapace  
  193  11:37  Drone x3  
  193  11:38  Drone x4  
  200  11:46  Extractor  
  197  11:47  Extractor  
  187  11:55  Centrifical Hooks  
  187  11:57  Zerg Melee Weapons Level 1  
  144  12:24  Roach x19  
  144  12:25  Zergling x24  
  144  12:26  Overlord  
  187  12:34  Overseer  
  187  12:39  Overseer x3  
  187  12:48  Hatchery  
  144  12:59  Roach x12  
Show
View Real Time Build Order
Export as new Build Order

KingCobra Protoss 

Build Orders: 1 Gate Expand, Oracle Opening, Carriers, Carrier Rush 

Get SALT Encoding   

  12  0:00  Probe  
  13  0:12  Probe  
  14  0:20  Pylon  
  14  0:24  Probe  
  15  0:38  Probe (Chrono Boost)  
  15  0:39  Gateway  
  16  0:48  Assimilator, Probe (Chrono Boost)  
  17  0:53  Probe (Chrono Boost)  
  18  1:04  Probe (Chrono Boost)  
  18  1:07  Assimilator  
  19  1:15  Probe (Chrono Boost)  
  20  1:20  Probe (Chrono Boost)  
  21  1:27  Cybernetics Core  
  21  1:42  Nexus  
  21  1:44  Probe  
  22  1:51  Pylon  
  22  1:56  Probe  
  23  2:09  Probe (Chrono Boost)  
  23  2:10  Stargate  
  23  2:13  Adept  
  26  2:18  Probe (Chrono Boost)  
  26  2:20  Warp Gate  
  27  2:23  Probe  
  28  2:31  Shield Battery  
  28  2:35  Probe  
  29  2:47  Void Ray  
  29  2:50  Probe (Chrono Boost)  
  30  2:54  Probe (Chrono Boost)  
  35  3:01  Stalker  
  35  3:04  Probe x2 (Chrono Boost)  
  39  3:11  Probe x2  
  41  3:23  Probe  
  41  3:24  Gateway, Probe  
  43  3:35  Oracle  
  43  3:40  Pylon  
  46  3:48  Assimilator  
  46  3:50  Assimilator  
  46  3:56  Pylon  
  46  3:58  Probe (Chrono Boost)  
  46  3:59  Probe (Chrono Boost)  
  48  4:08  Fleet Beacon, Probe x2 (Chrono Boost)  
  50  4:13  Probe x2 (Chrono Boost)  
  52  4:19  Adept  
  52  4:20  Adept  
  56  4:25  Probe x2  
  56  4:27  Pylon  
  56  4:28  Stargate  
  58  4:37  Probe x2  
  60  4:49  Probe x2  
  60  4:51  Nexus  
  62  4:58  Carrier (Chrono Boost)  
  60  5:05  Probe  
  66  5:07  Probe  
  66  5:14  Pylon  
  66  5:21  Probe x2  
  66  5:26  Protoss Air Weapons Level 1 (Chrono Boost)  
  68  5:30  Carrier (Chrono Boost)  
  74  5:36  Pylon  
  74  5:42  Probe x2  
  76  5:47  Twilight Council  
  76  5:49  Forge  
  76  5:54  Probe x2, Pylon  
  78  6:04  Gateway  
  78  6:05  Gateway  
  78  6:06  Carrier (Chrono Boost), Probe  
  83  6:21  Probe x3  
  83  6:24  Shield Battery  
  83  6:26  Charge (Chrono Boost)  
  83  6:29  Photon Cannon  
  83  6:31  Carrier  
  89  6:35  Probe x2  
  89  6:38  Probe  
  93  6:47  Probe x2  
  93  6:49  Gateway  
  93  6:50  Probe  
  95  6:59  Probe x2  
  95  7:00  Zealot x4  
  105  7:09  Probe  
  105  7:11  Probe x2  
  108  7:21  Pylon  
  108  7:24  Photon Cannon  
  108  7:26  Assimilator  
  108  7:31  Protoss Air Weapons Level 2 (Chrono Boost)  
  108  7:32  Assimilator  
  108  7:39  Carrier  
  114  7:44  Templar Archives  
  114  7:48  Photon Cannon  
  114  7:51  Zealot  
  114  7:54  Probe  
  117  8:01  Shield Battery  
  117  8:03  Pylon  
  117  8:12  Protoss Ground Weapons Level 1 (Chrono Boost)  
  117  8:15  Void Ray  
  117  8:16  Pylon  
  117  8:18  Psionic Storm, Pylon  
  117  8:21  Robotics Facility, Pylon, Probe x3  
  125  8:34  Probe (Chrono Boost)  
  125  8:36  Probe (Chrono Boost)  
  125  8:39  Mothership (Chrono Boost)  
  127  8:59  High Templar  
  127  9:00  High Templar  
  127  9:05  Zealot x3  
  127  9:09  Observer  
  130  9:10  Pylon  
  130  9:13  Pylon  
  130  9:19  Photon Cannon  
  130  9:20  Photon Cannon  
  130  9:22  Void Ray  
  130  9:23  Gateway  
  130  9:25  Gateway  
  130  9:28  Gateway  
  130  9:29  Zealot x3, Gateway  
  144  9:33  Pylon  
  144  9:37  Stalker x2  
  137  9:58  Stargate, Fleet Beacon  
  137  9:59  Photon Cannon  
  137  10:01  Zealot x5  
  137  10:02  Photon Cannon  
  137  10:03  Photon Cannon  
  137  10:04  Pylon  
  139  10:18  Pylon  
  139  10:22  Zealot x3  
  139  10:23  Zealot x2  
  139  10:24  High Templar x2  
  139  10:25  High Templar x2  
  155  10:28  Archon  
  155  10:29  Archon  
  137  10:43  Photon Cannon  
  137  10:45  Photon Cannon, Carrier x2 (Chrono Boost)  
  137  10:47  Shield Battery  
  149  11:06  High Templar x2  
  149  11:08  Zealot x7  
  167  11:33  Protoss Air Weapons Level 3 (Chrono Boost)  
  167  11:38  Photon Cannon  
  167  11:39  Zealot x6  
  179  11:40  Photon Cannon  
  179  11:43  Pylon  
  179  11:51  Oracle (Chrono Boost), Pylon, Carrier (Chrono Boost)  
  158  12:17  Mothership  
  160  12:29  Zealot x2, Carrier  
  164  12:30  Zealot x6  
  164  12:31  Nexus  
  164  12:33  Pylon  
  162  12:57  Archon  
  146  12:58  Archon  

Tags
 
Add a new tag
Caveats
  • Supply blocks, unpowered buildings, or Contaminate may cause inaccurate times.
  • Supply counts are checked every 10 seconds.